 Dungeon Sprint DCSS version 0.31-a0-801-gc67433417a (webtiles) character file.

Game seed: 11960402979226429978

496 Revguard the Ruffian (level 6, -4/66 HPs)
             Began as a Troll Shapeshifter on Sept 20, 2023.
             Was an Initiate of Jiyva.
             Slain by a boulder beetle (13 damage)
             ... in the Dungeon (Sprint V: "Ziggurat Sprint").
             The game lasted 00:01:24 (98 turns).

Revguard the Ruffian (Troll Shapeshifter)             Turns: 98, Time: 00:01:25

Health: -4/66      AC: 21    Str: 29    XL:     6   Next: 93%
Magic:  5/5        EV:  5    Int:  6    God:    Jiyva [......]
Gold:   0          SH:  0    Dex: 17    Spells: 5/5 levels left

rFire   + .          .
                       - Unarmed
rCold   + . .        (no shield)
rNeg    . . .        F - +5 gold dragon scales
rPois   +            (helmet currently unavailable)
rElec   .            (cloak currently unavailable)
rCorr   .            (gloves unavailable)
SInv    .            (boots unavailable)
Will    .....        (no amulet) Stlth
                     w - +6 ring of dexterity
HPRegen 1.11/turn    A - +6 ring of strength
MPRegen 0.09/turn

%: no teleportation
@: beast-form
A: beast (slay +3), large, unfitting armour, claws 3, regeneration 1, shaggy fur
1, tough skin 1
a: Begin Untransformation, Renounce Religion


You were in the Dungeon.
You worshipped Jiyva.
Jiyva was noncommittal.
You were a hulking beast.
You visited 1 branch

Inventory:

Armour
 a - a +0 animal skin
 F - +5 gold dragon scales (worn)
Jewellery
 v - a ring of flight
 w - a +6 ring of dexterity (left claw)
 x - a +6 ring of dexterity
 y - a +6 ring of intelligence
 z - a +6 ring of intelligence
 A - a +6 ring of strength (right claw)
 B - a +6 ring of strength
Talismans
 c - a beast talisman (active)
 d - a flux talisman
 C - a blade talisman
 D - a maw talisman
 E - a serpent talisman
Wands
 t - a wand of mindburst (4)
 u - a wand of light (6)
Scrolls
 j - 4 scrolls of blinking
 p - 4 scrolls of amnesia
 q - 7 scrolls of fog
 r - 5 scrolls of identify
 s - 2 scrolls of fear
Potions
 b - a potion of lignification
 e - 10 potions of curing
 f - 9 potions of heal wounds
 g - 6 potions of haste
 h - 7 potions of magic
 i - 3 potions of berserk rage
 k - 2 potions of brilliance
 l - 2 potions of invisibility
 m - 4 potions of resistance
 o - 5 potions of might


   Skills:
 + Level 5.2 Fighting
 + Level 5.0 Armour
 + Level 5.4 Dodging
 + Level 7.0 Unarmed Combat
 + Level 4.4 Evocations
 + Level 6.3 Shapeshifting


You had 5 spell levels left.
You didn't know any spells.
Your spell library was empty.

Dungeon Overview and Level Annotations

Branches:
Dungeon (1/1)

Altars:
Ashenzari
Cheibriados
Dithmenos
Elyvilon
Fedhas
Gozag
Hepliaklqana
Kikubaaqudgha
Makhleb
Nemelex Xobeh
Okawaru
Qazlal
Ru
Sif Muna
Trog
Uskayaw
Vehumet
Wu Jian
Xom
Yredelemnul
Zin
The Shining One
Jiyva
Lugonu

Annotations:
D 1 transporter


Innate Abilities, Weirdness & Mutations

You are a hulking beast.
Your limbs bulge with bestial killing power. (Slay +3)
You are too large for most types of armour.
You have claws for hands.
Your natural rate of healing is unusually fast.
You are covered in fur. (AC +1)
You have tough skin. (AC +1)


Message History

You have reached level 5!
You have reached level 6!
You feel stronger.
You feel much better.
You hear a distant slurping noise.
The boulder beetle bites you.
You claw the boulder beetle!
The boulder beetle is lightly wounded.
The boulder beetle bites you but does no damage.
You scratch the boulder beetle but do no damage.
The boulder beetle is lightly wounded.
You scratch the boulder beetle but do no damage.
The boulder beetle is lightly wounded.
The boulder beetle leaps!
The boulder beetle bites you but does no damage.
You hear a distant slurping noise.
You completely miss the boulder beetle.
The boulder beetle is lightly wounded.
The boulder beetle bites you but does no damage.
You scratch the boulder beetle but do no damage.
The boulder beetle is lightly wounded.
The boulder beetle bites you!
You hear a distant slurping noise.
You mangle the boulder beetle!!
The boulder beetle is moderately wounded.
The boulder beetle bites you.
Aiming: Mindburst
Press: ? - help, Shift-Dir - straight line, f - boulder beetle
Aim: a boulder beetle (moderately wounded, chance to affect: 66%)
The boulder beetle struggles to resist.
You hear a distant slurping noise.
The boulder beetle bites you!
* * * LOW HITPOINT WARNING * * *
Aiming: Bolt of Light
Press: ? - help, Shift-Dir - straight line, f/p - boulder beetle
Aim: a boulder beetle (moderately wounded, 100% to hit)
The bolt of light hits the boulder beetle!
The boulder beetle is moderately wounded.
The boulder beetle is blinded.
The boulder beetle bites you!
You die...

▓▓▓▓▓▓▓
▓.8©8.▓
▓.....▓
▓.).[.▓
▓.....▓
▓..hB.▓
▓..©..▓
▓▓▓▓▓▓▓


You could see a boulder beetle (blind).

Vanquished Creatures
  A lindwurm (D)
1 creature vanquished.

Vanquished Creatures (others)
  2 azure jellies (D)
  A spark wasp (shapeshifter) (D)
  A skyshark (shapeshifter) (D)
  A glowing orange brain (shapeshifter) (D)
  An orb spider (shapeshifter) (D)
  A moth of wrath (shapeshifter) (D)
  2 water nymphs (shapeshifter) (D)
  A torpor snail (shapeshifter) (D)
  A komodo dragon (shapeshifter) (D)
  2 trolls (shapeshifter) (D)
  4 wind drakes (shapeshifter) (D)
  A hornet (shapeshifter) (D)
  A blink frog (shapeshifter) (D)
  A slime creature (shapeshifter) (D)
  A yak (shapeshifter) (D)
  A steam dragon (shapeshifter) (D)
  A floating eye (shapeshifter) (D)
  A tengu (shapeshifter) (D)
  A giant cockroach simulacrum (D)
25 creatures vanquished.

Grand Total: 26 creatures vanquished

Notes
Turn   | Place    | Note
-------+----------+-------------------------------------------
     0 | D        | Revguard the Troll Shapeshifter began the quest for the
                  | Orb.
     0 | D        | Reached XP level 1. HP: 18/18 MP: 0/0
     0 | D        | Found a shimmering blue altar of Sif Muna.
     0 | D        | Found a bloodstained altar of Trog.
     0 | D        | Found a sacrificial altar of Ru.
     0 | D        | Found a stormy altar of Qazlal.
     0 | D        | Found an iron altar of Okawaru.
     1 | D        | Found a sparkling altar of Nemelex Xobeh.
     1 | D        | Found a blossoming altar of Fedhas.
     1 | D        | Found the +6 Majin-Bo {spellvamp, MP+6 Int+6}
     1 | D        | Found the +27 heavy crossbow "Sniper" {heavy, Acc+∞ SInv}
     1 | D        | Found the +10 dark maul {heavy}
     1 | D        | Found the +15 Maxwell's patent armour {-Cast -Tele rElec
                  | Will+ rCorr}
     1 | D        | Found the +18 shield of the Gong {Loud rN+ Will+ rCorr
                  | EV-5}
     1 | D        | Found the +16 obsidian axe {drain, demonic, Mesm Drain Fly
                  | SInv}
     1 | D        | Found the +7 great mace "Firestarter" {flame, immolate,
                  | rFlCloud rF++}
     1 | D        | Found the +6 shillelagh "Devastator" {shatter}
     1 | D        | Found the +11 plutonium sword {Contam Stlth-}
     1 | D        | Found the +8 lance "Wyrmbane" {slay drac, rPois rF+ rC+
                  | AC+3}
     1 | D        | Found the +9 sword of Zonguldrok {reap}
     1 | D        | Found the +13 scythe of Curses {drain, curses, Drain}
     1 | D        | Found the +9 sword of Power {lifebolt}
     1 | D        | Found the +7 mace of Variability {chaos, chaos arc}
     1 | D        | Found the +11 Singing Sword {sonic wave}
     1 | D        | Found the +8 storm bow {elec, penet}
     3 | D        | Found a transporter.
     3 | D        | Found an ancient bone altar of Kikubaaqudgha.
     3 | D        | Found a viscous altar of Jiyva.
     3 | D        | Found a corrupted altar of Lugonu.
     3 | D        | Found a hazy altar of Hepliaklqana.
     3 | D        | Found a burning altar of Makhleb.
     3 | D        | Found an opulent altar of Gozag.
    46 | D        | Reached skill level 4 in Unarmed Combat
    46 | D        | Reached skill level 1 in Evocations
    46 | D        | Reached XP level 2. HP: 29/29 MP: 1/1
    62 | D        | Became a worshipper of Jiyva Juogutui the Shapeless
    62 | D        | Killed a torpor snail
    63 | D        | Killed an azure jelly
    64 | D        | Killed a glowing orange brain
    65 | D        | Killed a water nymph
    65 | D        | Killed an azure jelly
    66 | D        | Killed a slime creature
    67 | D        | Killed a spark wasp
    67 | D        | Killed a blink frog
    69 | D        | Killed a troll
    69 | D        | Killed an orb spider
    70 | D        | Killed a wind drake
    70 | D        | Killed a water nymph
    71 | D        | Killed a wind drake
    72 | D        | Killed a steam dragon
    72 | D        | Killed a wind drake
    72 | D        | Killed a wind drake
    73 | D        | Killed a komodo dragon
    77 | D        | Killed a floating eye
    77 | D        | Killed a skyshark
    78 | D        | Killed a moth of wrath
    79 | D        | Killed a yak
    80 | D        | Entered arena 2.
    80 | D        | Noticed a lindwurm
    80 | D        | Noticed a boulder beetle
    80 | D        | Found a transporter.
    81 | D        | Killed a troll
    81 | D        | Killed a tengu
    87 | D        | Killed a lindwurm
    88 | D        | Reached skill level 5 in Fighting
    88 | D        | Reached skill level 5 in Armour
    88 | D        | Reached skill level 5 in Dodging
    88 | D        | Reached skill level 7 in Unarmed Combat
    88 | D        | Reached XP level 3. HP: 7/42 MP: 2/2
    88 | D        | Reached XP level 4. HP: 8/50 MP: 3/3
    88 | D        | Reached XP level 5. HP: 9/57 MP: 4/4
    88 | D        | Reached XP level 6. HP: 11/66 MP: 5/5
    89 | D        | Killed a hornet
    98 | D        | Slain by a boulder beetle

Illustrated notes

Levels and vault maps discovered:
D:        sprint_v [room_start, room_1, room_2, room_3, room_4, room_5, room_6,
          room_7, room_8, room_9, room_10, room_11, room_12, room_13, room_14,
          room_15, room_16, room_17, room_18, room_19, room_20, room_21,
          room_22, room_23, room_24, room_25, room_26, room_27]

Skill      XL: |  1  2 |
---------------+-------+-----
Fighting       | 2 5 |  5.2
Armour         | 2 5 |  5.0
Dodging        | 2 5 |  5.4
Unarmed Combat | 4 7 |  7.0
Evocations     | 1 4 |  4.4
Shapeshifting  | 4 6 |  6.3

Action                     |  1- 3 |  4- 6 || total
---------------------------+-------+-------++-------
  Melee: Unarmed           |     3 |     6 ||     9
  Evoke: Wand              |     2 |     2 ||     4
    Use: Potion            |     1 |     1 ||     2
 Armour: Gold dragon scale |    16 |     8 ||    24

Table legend: (Time is in decaauts)
 A = Elapsed time spent in this place.
 B = Non-inter-level travel time spent in this place.
 C = Inter-level travel time spent in this place.
 D = Time resting spent in this place.
 E = Time spent auto-exploring this place.
 F = Levels seen in this place.
 G = Mean time per level.
                   A        B        C        D        E       F      G
               +--------+--------+--------+--------+--------+-----+--------+
         Total |     95 |     95 |      0 |      5 |      0 |   1 |   95.0 |
       Dungeon |     95 |     95 |      0 |      5 |      0 |   1 |   95.0 |
               +--------+--------+--------+--------+--------+-----+--------+

Top non-repeatable levels by time:
       D: 95 daAuts
